 Dungeon Crawl Stone Soup version 0.21.1-1-g345015f (webtiles) character file.

897 shakethe the Cleaver (level 8, -7/70 HPs)
             Began as a Hill Orc Gladiator on Feb 26, 2018.
             Mangled by a wight
             ... wielding a +0 flail
              (9 damage)
             ... on level 4 of the Dungeon.
             The game lasted 00:05:58 (4418 turns).

shakethe the Cleaver (Hill Orc Gladiator)           Turns: 4418, Time: 00:05:59

Health: -7/70      AC:  4    Str: 17    XL:     8   Next: 7%
Magic:  8/8        EV:  7    Int: 10    God:
Gold:   201        SH: 15    Dex: 12    Spells: 7/7 levels left

rFire    . . .     SeeInvis .   r - +1 war axe (freeze) (curse)
rCold    . . .     Gourm    .   o - +2 large shield
rNeg     . . .     Faith    .   b - +0 leather armour
rPois    .         Spirit   .   c - +0 helmet
rElec    .         Reflect  .   (no cloak)
rCorr    .         Harm     .   (no gloves)
MR       .....                  (no boots)
Stlth    +.........             (no amulet)
HPRegen  0.21/turn              (no ring)
MPRegen  0.11/turn              (no ring)

@: drained
A: no striking features
a: no special abilities


You were on level 4 of the Dungeon.
You were not hungry.

You visited 1 branch of the dungeon, and saw 4 of its levels.

You collected 201 gold pieces.

Inventory:

Hand Weapons
 a - a +0 war axe
 r - a cursed +1 war axe of freezing (weapon)
   (You took it off a wight on level 3 of the Dungeon)
Missiles
 d - 3 throwing nets {=f, !d}
Armour
 b - a +0 leather armour (worn)
 c - a +0 helmet (worn)
 o - a +2 large shield (worn)
   (You found it on level 2 of the Dungeon)
Wands
 n - a wand of iceblast (13)
   (You found it on level 2 of the Dungeon)
Scrolls
 g - 3 scrolls of blinking {unknown}
 h - 2 scrolls of teleportation {unknown}
 i - a scroll of enchant weapon {unknown}
 j - 5 scrolls of identify {unknown}
 k - a scroll of noise {unknown}
 l - a scroll of fog {unknown}
 m - 2 scrolls of remove curse {unknown}
Potions
 q - a potion of agility {unknown}
 s - a potion of lignification {!q}
Books
 t - a book of Minor Magic
   (You found it on level 4 of the Dungeon)
Comestibles
 f - 6 rations


   Skills:
 + Level 6.2(5.5) Fighting
 + Level 8.7(8.0) Axes
 - Level 1.9(1.3) Throwing
 - Level 2.5(1.9) Dodging
 + Level 4.5(3.8) Shields


You had 7 spell levels left.
You didn't know any spells.

Dungeon Overview and Level Annotations

Branches:
Dungeon (4/15)
 Temple: D:4-7

Altars:
Ashenzari

Shops:
D:4 :


Message History

You open the door.
You feel sick.
You are no longer poisoned.
There is an open door here.
Hannobal's ghost (amateur Gnoll Wanderer) comes into view.
A wight comes into view. It is wielding an enchanted long sword.
There is an open door here.
Hannobal's ghost shouts, "You must not succeed where I failed!"
Hannobal's ghost says, "You will never get the ORB!"
You closely miss hannobal's ghost. You block hannobal's ghost's attack.
You closely miss hannobal's ghost. Hannobal's ghost hits you!
You block hannobal's ghost's attack.
You take 7 damage, and have 46/61 hp.
Hannobal's ghost wails, "Do you think the gods will protect you?"
There is a stone staircase leading up here.
You hit hannobal's ghost. You freeze hannobal's ghost.
Hannobal's ghost hits you.
You take 2 damage, and have 45/61 hp.
You hit hannobal's ghost. You freeze hannobal's ghost.
You block hannobal's ghost's attack.
You closely miss hannobal's ghost. You block hannobal's ghost's attack.
Hannobal's ghost hits you.
You take 5 damage, and have 40/61 hp.
You hit hannobal's ghost. You freeze hannobal's ghost.
You block hannobal's ghost's attack.
You closely miss hannobal's ghost.
Hannobal's ghost laughs, "And you think you're capable of finding the ORB?
I had it, you know.
Then I gave it away so I could steal it AGAIN."
Hannobal's ghost hits you.
You take 3 damage, and have 37/61 hp.
You miss hannobal's ghost. You block hannobal's ghost's attack.
You miss hannobal's ghost. You block hannobal's ghost's attack. x2
You slash hannobal's ghost! You freeze hannobal's ghost.
You block hannobal's ghost's attack.
You hit hannobal's ghost. You freeze hannobal's ghost.
You block hannobal's ghost's attack.
You closely miss hannobal's ghost. Hannobal's ghost hits you!
You take 8 damage, and have 30/61 hp.
You hit hannobal's ghost. You freeze hannobal's ghost.
Hannobal's ghost hits you.
You take 4 damage, and have 26/61 hp.
You closely miss hannobal's ghost. You block hannobal's ghost's attack. x2
You slash hannobal's ghost! You freeze hannobal's ghost.
You destroy hannobal's ghost!
You feel your intelligence returning.
You feel your dexterity returning.
Your Fighting skill increases to level 6!
Your Shields skill increases to level 4!
You start resting.
A wight comes into view. It is wielding a flail.
The wight throws a stone.
You block the stone.
A wight comes into view. It is wielding an enchanted falchion.
You regained 10 hp, and now have 38/63 hp.
The wight hits you with a flail.
A wight comes into view.
It is wielding a short sword of freezing.
You take 2 damage, and have 36/63 hp.
The wight hits you with a flail.
You feel drained.
You take 3 damage, and have 33/63 hp.
The wight throws a stone.
You block the stone.
You see here a stone.
The wight throws a stone.
You block the stone.
You see here a stone.
You hit the wight. You block the wight's attack.
You hit the wight. You block the wight's attack.
You completely miss the wight.
The wight hits you with an enchanted falchion!
You take 7 damage, and have 28/63 hp.
You slash the wight!
You destroy the wight!
You have reached level 8!
You regained 4 hp, and now have 32/70 hp.
MP restored: 8 Your shield prevents you from hitting the wight.
The wight completely misses you. You block the wight's attack.
You closely miss the wight. You block the wight's attack.
You hit the wight but do no damage. You block the wight's attack.
You slash the wight! You block the wight's attack.
You hit the wight.
The wight hits you with a short sword of freezing!
You feel drained. The wight freezes you.
* * * LOW HITPOINT WARNING * * *
You block the wight's attack.
You take 14 damage, and have 19/70 hp.
You slash the wight!
You destroy the wight!
You feel your dexterity returning.
The wight throws a stone.
You block the stone.
The wight throws a stone.
The stone hits you but does no damage. The wight hits you with a flail!
* * * LOW HITPOINT WARNING * * *
You feel drained.
* * * LOW HITPOINT WARNING * * *
Items here: ))) [[ a short sword of freezing; a hand crossbow; a robe; an enchanted falchion a robe You take 13 damage, and have 6/70 hp.
You closely miss the wight. The wight hits you with a flail.
* * * LOW HITPOINT WARNING * * *
You take 4 damage, and have 2/70 hp.
You hit the wight. The wight hits you with a flail!
You die...

.. ##.#..######.####........# ..
#..#...#.................# ..
####.##.#.#.###.#######.....##
..##)......#...#<...#######......
...'.......##..#.........##.###..
..##.......##..#.........##.# #..
#.##.......##..#.........##.# #..
#..#.......##..#(#+#.....##.###..
#............#.#@#.'.....+(.#....
......####.#.#.#z#.#.....####.#..
...........#.#.#.#.#...........<.
......###....#.#(#.#'####...#...#
.....## #.......(#....# #...+....
.....## #....##..#....###...#.###
......###....##..#....'.......#
#......##......))#....#########
#......##...####(#....#


You could see a wight.

Vanquished Creatures
  The ghost of hannobal the Skirmisher, an amateur GnWn (D:4)
  Grinder (D:4)
  A phantom (D:3)
  5 wights
  A worker ant (D:4)
  Robin (D:4)
  3 gnolls (D:2)
  3 adders
  An ooze (D:1)
  6 worms
  A dart slug (D:1)
  2 leopard geckos (D:2)
  An orc (D:3)
  4 giant cockroaches
  15 goblins
  12 hobgoblins
  7 jackals
  3 quokkas
  8 bats
  6 frilled lizards
  10 kobolds
  7 rats
99 creatures vanquished.

Notes
Turn   | Place    | Note
-------+----------+-------------------------------------------
     0 | D:1      | shakethe the Hill Orc Gladiator began the quest for the Orb.
     0 | D:1      | Reached XP level 1. HP: 18/18 MP: 1/1
   101 | D:1      | Reached XP level 2. HP: 24/25 MP: 2/2
   633 | D:1      | Reached skill level 3 in Fighting
   633 | D:1      | Reached XP level 3. HP: 27/31 MP: 3/3
   959 | D:2      | Reached skill level 5 in Axes
   961 | D:2      | Found a shattered altar of Ashenzari.
  1188 | D:2      | Reached XP level 4. HP: 27/38 MP: 4/4
  1799 | D:3      | Reached skill level 6 in Axes
  1799 | D:3      | Reached skill level 1 in Shields
  1831 | D:3      | Noticed a phantom
  1852 | D:3      | Killed a phantom
  1852 | D:3      | Reached skill level 4 in Fighting
  1852 | D:3      | Reached XP level 5. HP: 23/46 MP: 5/5
  2338 | D:3      | Reached skill level 2 in Shields
  2338 | D:3      | Reached XP level 6. HP: 34/53 MP: 6/6
  2350 | D:3      | HP: 12/53 [wight/mace of protection (8)]
  2352 | D:3      | Reached skill level 7 in Axes
  3525 | D:4      | Noticed Robin
  3537 | D:4      | Killed Robin
  3654 | D:4      | Noticed Grinder
  3656 | D:4      | Paralysed by Grinder for 5 turns
  3806 | D:4      | Paralysed by Grinder for 4 turns
  3809 | D:4      | HP: 3/55 [Grinder/nerve-wracking pain (13)]
  3825 | D:4      | Paralysed by Grinder for 5 turns
  3831 | D:4      | Killed Grinder
  3831 | D:4      | Reached skill level 5 in Fighting
  3831 | D:4      | Reached skill level 8 in Axes
  3831 | D:4      | Reached skill level 3 in Shields
  3831 | D:4      | Reached XP level 7. HP: 41/61 MP: 7/7
  4261 | D:4      | Found Raxenish's Book Shoppe.
  4300 | D:4      | Noticed hannobal's ghost (amateur GnWn)
  4341 | D:4      | Killed hannobal's ghost
  4341 | D:4      | Reached skill level 6 in Fighting
  4341 | D:4      | Reached skill level 4 in Shields
  4409 | D:4      | Reached XP level 8. HP: 32/70 MP: 8/8
  4416 | D:4      | HP: 10/70 [wight/flail (10)]
  4417 | D:4      | HP: 2/70 [wight/flail (4)]
  4418 | D:4      | Mangled by a wight

Skill      XL: |  1  2  3  4  5  6  7 |
---------------+----------------------+-----
Fighting       | 3 4 5 6 |  6.2
Axes           | 5 6 8 |  8.7
Shields        | 1 2 3 4 |  4.5
Throwing       | |  1.9
Dodging        | |  2.5

Action                   |  1- 3 |  4- 6 |  7- 9 || total
-------------------------+-------+-------+-------++-------
Melee: War axe           |    91 |   185 |    36 ||   312
  Use: Potion            |       |     4 |       ||     4
  Eat: Chunk             |     1 |     8 |       ||     9
       Ration            |       |     1 |       ||     1
Armor: Leather armour    |    51 |    33 |       ||    84
       Skin              |       |    11 |       ||    11
Dodge: Dodged            |    94 |    31 |     2 ||   127
Block: Large shield      |       |   123 |    29 ||   152

Vault maps used:
D:1:      matt_arrival_refuge
D:2:      minivault_5, nicolae_ashenzari_panopticon
D:3:      wad_crossroads
D:4:      first_ration, serial_shops, shop, kennysheep_opposing_triangles,
          uniq_duvessa, uniq_robin, uniq_sigmund, uniq_grinder

Table legend:
 A = Turns spent in this place as a percentage of turns spent in the entire game.
 B = Non-inter-level travel turns spent in this place as a percentage of non-inter-level travel turns spent in the entire game.
 C = Inter-level travel turns spent in this place as a percentage of turns spent in this place.
 D = Turns resting spent in this place as a percentage of non-inter-level travel turns spent in this place.
 E = Turns spent auto-exploring this place as a percentage of non-inter-level travel turns spent in this place.
 F = Non-inter-level travel turns spent in this place divided by the number of levels of this place that you've seen.
                   A       B       C       D       E      F
               +-------+-------+-------+-------+-------+----------------------
         Total | 100.0 | 100.0 |   2.1 |  29.4 |  51.6 | 1081.8
       Dungeon | 100.0 | 100.0 |   2.1 |  29.4 |  51.6 | 1081.8
               +-------+-------+-------+-------+-------+----------------------

Table legend:
 A = Kills in this place as a percentage of kills in entire the game.
 B = Kills by you in this place as a percentage of kills by you in the entire game.
 C = Kills by friends in this place as a percentage of kills by friends in the entire game.
 D = Other kills in this place as a percentage of other kills in the entire game.
 E = Experience gained in this place as a percentage of experience gained in the entire game.
 F = Experience gained in this place divided by the number of levels of this place that you have seen.
                   A       B       C       D       E      F
               +-------+-------+-------+-------+-------+----------------------
         Total | 100.0 | 100.0 |   N/A |   N/A | 100.0 | 320.5
       Dungeon | 100.0 | 100.0 |   N/A |   N/A | 100.0 | 320.5
               +-------+-------+-------+-------+-------+----------------------
